AoeStats
← Clueless Clown

MegaRandom

504519534Analyzed
2v2 RM · 26d ago on Sep 5, 2026· 28m 49s· 4 players
Game mode
Random Map
Map size
Medium (4 player)
Population
200
Speed
Normal
Resources
Standard
Victory
Conquest
Starting age
Dark Age
Ending age
Imperial Age
RankedLock teamsTeams togetherTeam positionsShared explorationLock speedFull tech treeHidden civsTurbo modeCheats
Victory
Defeat
🇺🇸 Jurchens · United States
998
+12
🇨🇳 Cumans · China
915
+16
🇸🇪 Lithuanians · Sweden
926
-15
🇬🇧 Romans · United Kingdom
892
-13
CorpOSK
0:35 Loom
11:44 Feudal Age
17:47 Castle Age
16:41 Double-Bit Axe
17:06 Horse Collar
20:08 Wheelbarrow
21:08 Bow Saw
23:15 Heavy Plow
23:40 Forging
23:36 Scale Barding Armor
26:51 Man-at-Arms
squat
9:04 Loom
10:51 Feudal Age
12:36 Horse Collar
18:41 Double-Bit Axe
21:38 Castle Age
20:54 Forging
22:13 Crossbowman
24:19 Heavy Plow
26:20 Bow Saw
26:28 Fletching
Clueless Clown
10:26 Loom
12:26 Feudal Age
16:20 Castle Age
14:47 Scale Mail Armor
14:33 Double-Bit Axe
14:50 Gold Mining
16:16 Arson
16:49 Gambesons
17:51 Squires
19:04 Chain Mail Armor
18:54 Scale Barding Armor
20:47 Bow Saw
27:53 Forging
29:27 Iron Casting
Cat
6:20 Loom
10:33 Feudal Age
11:13 Horse Collar
11:19 Double-Bit Axe
14:19 Wheelbarrow
20:33 Gold Mining
23:48 Castle Age
23:34 Bloodlines
23:30 Town Watch
24:48 Bow Saw
24:41 Heavy Plow
24:44 Capped Ram
26:46 Gold Shaft Mining
Connection lost

Rejoining the realm…

Still unreachable

The connection could not be restored.

Session expired

The server has moved on; the page needs a fresh start.